 Dungeon Crawl Stone Soup version 0.30.1-3-gfc49f6343a (webtiles) character file.

Game seed: 11800590829107846179

7270 cdecastro the Basher (level 10, -14/71 (78) HPs)
             Began as an Armataur Warper on July 31, 2023.
             Was a Priest of Fedhas.
             Killed by an exploding ballistomycete spore (36 damage)
             ... set off by their pet
             ... on level 10 of the Dungeon.
             The game lasted 00:25:04 (11858 turns).

cdecastro the Basher (Armataur Warper)             Turns: 11858, Time: 00:25:06

HP:   -14/71 (78)   AC: 16    Str: 21    XL:     10   Next: 89%
MP:   13/17         EV:  6    Int: 13    God:    Fedhas [***...]
Gold: 634           SH:  0    Dex: 10    Spells: 12/12 levels left

rFire   + + .        a - +0 mace
rCold   . . .        (no shield)
rNeg    . . .        u - +2 chain mail {rF+}
rPois   .            T - +0 helmet
rElec   .            (no cloak)
rCorr   .            F - +1 pair of gloves
SInv    .            (no barding)
Will    .....        K - amulet of reflection Stlth
                     m - +4 ring of protection
HPRegen 0.31/turn    O - ring of protection from fire
MPRegen 0.15/turn

%: reflection, roll
@: confused, drained
A: large, rugged brown scales 3, deformed body, armoured tail, roll, long
tongue, awkward tongue
a: Renounce Religion, Wall of Briars, Grow Ballistomycete


You were on level 10 of the Dungeon.
You worshipped Fedhas.
Fedhas was most pleased with you.
You visited 2 branches of the dungeon, and saw 11 of its levels.
You also visited: Ossuary and Bailey.

You collected 634 gold pieces.

Inventory:

Hand Weapons
 a - a +0 mace (weapon)
 b - a +2 hand axe of venom
 y - a +0 flail
Missiles
 d - 7 boomerangs of dispersal (quivered)
 e - 8 boomerangs
 k - 6 javelins
 s - 4 curare-tipped darts
 t - 27 poisoned darts
 E - 3 throwing nets
Armour
 u - a +2 chain mail of fire resistance (worn)
 F - a +1 pair of gloves (worn)
 T - a +0 helmet (worn)
Magical Staves
 g - a staff of earth
Jewellery
 m - a +4 ring of protection (left hand)
 K - an amulet of reflection (around neck)
 O - a ring of protection from fire (right hand)
Wands
 h - a wand of polymorph (5)
 z - a wand of iceblast (7)
Scrolls
 c - a scroll of blinking
 i - a scroll of silence {unknown}
 j - a scroll of enchant weapon {unknown}
 n - 7 scrolls of teleportation {unknown}
 p - a scroll of acquirement {unknown}
 w - 3 scrolls of poison
 B - 2 scrolls of noise {unknown}
 G - a scroll of identify
 H - 2 scrolls of immolation {unknown}
 I - 3 scrolls of vulnerability
 J - 2 scrolls of fear {unknown}
 M - 2 scrolls of amnesia {unknown}
 N - a scroll of summoning
 P - 3 scrolls of fog
 S - a scroll of enchant armour {unknown}
Potions
 f - 4 potions of curing
 l - a potion of resistance
 o - a potion of ambrosia
 q - 3 potions of flight
 r - 2 potions of cancellation
 v - 4 potions of brilliance
 x - 4 potions of mutation
 A - a potion of invisibility
 C - 2 potions of lignification
 D - 4 potions of might
 L - 4 potions of heal wounds
 Q - a potion of experience
 R - a potion of attraction


   Skills:
 - Level 1.7 Fighting
 + Level 12.5 Maces & Flails
 - Level 0.8 Throwing
 - Level 1.2 Armour
 - Level 1.3 Dodging
 - Level 1.7 Spellcasting
 - Level 3.0 Translocations
 - Level 10.0 Invocations


You had 12 spell levels left.
You didn't know any spells.
Your spell library contained the following spells:

 Spells                   Type           Power      Damage    Failure   Level
 Blink                    Tloc           16%        N/A       65%         2
 Lesser Beckoning         Tloc           16%        N/A       65%         2
 Gell's Gravitas          Tloc           8%         N/A       87%         3
 Teleport Other           Tloc           8%         N/A       87%         3
 Vhi's Electric Charge    Tloc/Air       10%        N/A       97%         3
 Volatile Blastmotes      Fire/Tloc      10%        2d10      97%         3
 Hailstorm                Conj/Ice       1%         3d3       99%         3
 Mephitic Cloud           Conj/Pois/Air  1%         N/A       99%         3
 Manifold Assault         Tloc           8%         N/A       99%         4
 Fulminant Prism          Conj/Hex       0%         3d5       100%        4
 Iskenderun's Mystic Bla  Conj/Tloc      5%         2d3       100%        4
 Olgreb's Toxic Radiance  Pois           1%         N/A       100%        4
 Lee's Rapid Deconstruct  Erth           0%         3d4*      100%        5
 Conjure Ball Lightning   Conj/Air       0%         3x3d6     100%        6
 Dispersal                Tloc           4%         N/A       100%        6
 Discord                  Hex            0%         N/A       100%        8
 Disjunction              Tloc           4%         N/A       100%        8


Dungeon Overview and Level Annotations

Branches:
Dungeon (10/15)            Temple (1/1) D:7             Orc (0/2) D:10
Ossuary (visited)          Bailey (visited)
   Lair: D:8-11

Altars:
Ashenzari
Cheibriados
Dithmenos
Elyvilon
Fedhas
Gozag
Hepliaklqana
Kikubaaqudgha
Makhleb
Nemelex Xobeh
Qazlal
Ru
Sif Muna
Trog
Uskayaw
Vehumet
Wu Jian
Xom
Yredelemnul
Zin
The Shining One

Shops:
D:1 [

Annotations:
D:3 Sigmund


Innate Abilities, Weirdness & Mutations

You are completely covered in rugged brown scales. (AC +3, +7% HP)
Armour fits poorly on your strangely shaped body.
You have a long armoured tail.
You roll when moving toward enemies. (Rampage)
Your long tongue fully drains potion bottles. (2x potion effects)
Your tongue gives you trouble enunciating. (1.5x scroll delay)


Message History

* * * LOW HITPOINT WARNING * * *
The vampire bites you.
* * * LOW HITPOINT WARNING * * *
The vampire draws strength from your injuries!
The vampire attacks as you move away! The vampire hits you.
* * * LOW HITPOINT WARNING * * *
The vampire bites you.
* * * LOW HITPOINT WARNING * * *
The vampire draws strength from your injuries!
You feel better.
You slurp down every last drop of the potion of curing!
The vampire hits you but does no damage.
The vampire bites you but does no damage.
Aiming: Grow Ballistomycete (2% risk of failure)
Press: ? - help, Dir - move target A ballistomycete grows from the ground.
The vampire hits you but does no damage.
The vampire bites you but does no damage.
Unknown command.
The vampire hits you but does no damage.
The vampire bites you but does no damage.
A ballistomycete spore comes into view.
Unknown command.
A ballistomycete spore comes into view.
Unknown command.
Your ballistomycete spore explodes!
The explosion of spores engulfs you.
You are confused.
* * * LOW HITPOINT WARNING * * *
The explosion of spores engulfs the vampire!!
The vampire is severely damaged.
Fedhas protects your plant from harm. x2
A ballistomycete spore comes into view.
You're too confused to move!
Your ballistomycete spore explodes!
The explosion of spores engulfs you!!!
You are more confused.
Ouch! That really hurt!
You die...
Fedhas appreciates your contribution to the ecosystem.

.........#.....#
.........#.....#
.........#.....#####
.........#.....#...#
.........#)....#...#
.........#.....#...#
.........#.....#...+
.##......#.....#...#
.##......#.....#@*.#
.###'#####.....'V.P#
.#.............#...#
.'>.....(.######...#
.#........# #....#
'#........# #....#
..........# #....#
..........# #....#
..........# #....#


You could see a vampire (ally target), a friendly ballistomycete (summoned) and
a friendly ballistomycete spore.

Vanquished Creatures
  An orc warlord (Bailey)
  A two-headed ogre (D:6)
  An orc knight (Bailey)
  A cyclops (D:10)
  Prince Ribbit (D:9)
  3 wyverns
  A black bear (D:7)
  14 orc warriors
  An ice beast (D:6)
  2 sky beasts (D:7)
  3 centaurs
  A phantom (D:4)
  A kobold brigand (D:9)
  3 bullfrogs
  A gnoll sergeant (D:7)
  5 scorpions
  2 wights (D:10)
  5 killer bees (D:9)
  2 howler monkeys (D:6)
  2 hounds (D:5)
  5 jellies
  4 orc priests
  6 iguanas
  5 orc wizards
  2 mummies (Ossuary)
  20 gnolls
  6 adders
  2 shadow imps
  An ufetubus (D:6)
  An adder zombie (Ossuary)
  A worm (D:2)
  A dart slug (D:5)
  19 orcs
  8 ball pythons
  11 endoplasms
  6 giant cockroaches
  5 gnoll zombies (Ossuary)
  23 goblins
  12 hobgoblins
  10 kobolds
  3 quokkas
  8 bats
  A frilled lizard (D:2)
  4 hobgoblin zombies (Ossuary)
  4 kobold zombies (Ossuary)
  5 orc zombies (Ossuary)
  4 rats
  A ballistomycete spore (Bailey)
229 creatures vanquished.

Vanquished Creatures (collateral kills)
  A water moccasin (D:8)
  3 wights (D:10)
  3 killer bees (D:7)
  19 ballistomycete spores
26 creatures vanquished.

Vanquished Creatures (others)
  An ogre (D:6)
  A sleepcap (D:6)
  A ballistomycete spore (D:6)
3 creatures vanquished.

Grand Total: 258 creatures vanquished

Notes
Turn   | Place    | Note
-------+----------+-------------------------------------------
     0 | D:1      | cdecastro the Armataur Warper began the quest for the Orb.
     0 | D:1      | Reached XP level 1. HP: 18/18 MP: 3/3
   123 | D:1      | Reached skill level 2 in Maces & Flails
   194 | D:1      | Reached XP level 2. HP: 21/25 MP: 4/4
   267 | D:1      | Found a faded altar of an unknown god.
   302 | D:1      | Found Heucloun's Armour Shoppe.
   511 | D:1      | Reached skill level 3 in Maces & Flails
  1014 | D:1      | Prayed at the altar of an unknown god.
  1014 | D:1      | Became a worshipper of Fedhas Madash
  1014 | D:1      | Reached * piety under Fedhas
  1050 | D:2      | Reached XP level 3. HP: 27/29 MP: 5/5
  1751 | D:2      | Noticed a scorpion
  1761 | D:2      | Reached XP level 4. HP: 38/38 MP: 6/6
  1779 | D:2      | Reached skill level 4 in Maces & Flails
  2054 | D:2      | Killed a scorpion
  2351 | D:3      | Reached XP level 5. HP: 43/43 MP: 7/7
  2367 | D:3      | Reached ** piety under Fedhas
  2392 | D:3      | Reached skill level 5 in Maces & Flails
  3012 | D:3      | Noticed Sigmund
  3230 | D:4      | Reached XP level 6. HP: 44/51 MP: 8/8
  3456 | D:4      | Reached skill level 6 in Maces & Flails
  3914 | D:5      | Entered Level 5 of the Dungeon
  4171 | D:5      | Reached skill level 7 in Maces & Flails
  4171 | D:5      | Reached skill level 1 in Invocations
  4171 | D:5      | Reached XP level 7. HP: 56/56 MP: 9/9
  4509 | D:5      | Reached *** piety under Fedhas
  5035 | D:6      | Found a sacrificial altar of Ru.
  5038 | D:6      | Found an ancient bone altar of Kikubaaqudgha.
  5056 | D:6      | Reached skill level 5 in Invocations
  5136 | D:6      | Found a burning altar of Makhleb.
  5139 | D:6      | Found a blossoming altar of Fedhas.
  5146 | D:6      | Reached XP level 8. HP: 64/64 MP: 10/12
  5439 | D:6      | Noticed a two-headed ogre
  5469 | D:6      | Killed a two-headed ogre
  6027 | D:6      | Found a sparkling altar of Nemelex Xobeh.
  6243 | D:7      | Reached XP level 9. HP: 44/71 MP: 10/15
  6514 | D:7      | Found a staircase to the Ecumenical Temple.
  6633 | Temple   | Entered the Ecumenical Temple
  6823 | D:7      | Reached skill level 10 in Invocations
  7396 | D:8      | Found a sand-covered staircase.
  7469 | Ossuary  | Entered an ossuary
  7746 | D:7      | Reached skill level 8 in Maces & Flails
  8698 | D:9      | Reached skill level 9 in Maces & Flails
  8713 | D:9      | Reached **** piety under Fedhas
  8880 | D:9      | Found a flagged portal.
  8921 | Bailey   | Entered a bailey
  9256 | Bailey   | Reached XP level 10. HP: 65/78 MP: 17/17
  9542 | Bailey   | Reached skill level 10 in Maces & Flails
  9703 | Bailey   | Noticed an orc warlord
  9728 | Bailey   | Killed an orc warlord
  9729 | Bailey   | Reached skill level 11 in Maces & Flails
 10084 | Bailey   | Noticed an orc knight
 10101 | Bailey   | Killed an orc knight
 10198 | Bailey   | Got the Folio of the Putrid Deep Freeze
 10523 | D:9      | Noticed Prince Ribbit
 10533 | D:9      | Killed Prince Ribbit
 10743 | D:9      | Reached skill level 12 in Maces & Flails
 10916 | D:10     | Entered Level 10 of the Dungeon
 11077 | D:10     | Found a staircase to the Orcish Mines.
 11100 | D:10     | Noticed a cyclops
 11128 | D:10     | Killed a cyclops
 11858 | D:10     | Killed by an exploding ballistomycete spore... set off by
                  | their pet

Illustrated notes

Levels and vault maps discovered:
D:1:      lemuel_arrival_tunnels, layout_basic, nicolae_ecumenical_lake_church,
          serial_shops, nicolae_shop_advertising_works
          [nicolae_subvault_shop_adworks]
D:2:      layout_loops_corners, minmay_puff
D:3:      layout_basic, uniq_sigmund
D:4:      layout_gridville
D:5:      layout_loops_cross
D:6:      layout_gridville, marbit_many_paths, grunt_temple_overflow_cloverleaf
D:7:      layout_gridville, minmay_temple_entry_drinking_statues
D:8:      layout_cave_pools, chequers_ossuary_entry_cave,
          hangedman_abyss_or_decor_lesser_grid, nicolae_sextant,
          amethyst_killhole
D:9:      layout_loops_ring, enter_bailey_4, uniq_prince_ribbit1
D:10:     layout_gridville, kennysheep_little_box, lair_entry_dummy,
          minmay_orc_entry_temple_small, uniq_erolcha
Temple:   lightli_temple_of_artemis

Skill      XL: |  1  2  3  4  5  6  7  8  9 10 |
---------------+-------------------------------+-----
Maces & Flails | 2 3 4 5 7 9 12 | 12.5
Invocations    | 1 5 9 10 | 10.0
Fighting       | |  1.7
Throwing       | |  0.8
Armour         | |  1.2
Dodging        | |  1.3
Spellcasting   | |  1.7
Translocations | |  3.0

Action                     |  1- 3 |  4- 6 |  7- 9 | 10-12 || total
---------------------------+-------+-------+-------+-------++-------
  Melee: Mace              |   148 |   192 |   432 |    19 ||   791
         Tailslap          |    14 |    21 |    61 |    28 ||   124
         Punch             |     1 |     3 |     6 |     3 ||    13
         Hand axe          |       |       |    33 |   157 ||   190
 Invoke: Wall of Briars    |       |       |     4 |       ||     4
         Grow Ballistomyce |       |       |     2 |     3 ||     5
         Overgrow          |       |       |       |     1 ||     1
    Use: Scroll            |       |       |    12 |     3 ||    15
         Potion            |       |       |     1 |     1 ||     2
   Stab: Confused          |       |       |       |     1 ||     1
 Armour: Leather armour    |   112 |     7 |       |       ||   119
         Scale mail        |       |     7 |       |       ||     7
         Chain mail        |       |   111 |   231 |    61 ||   403
         Skin              |       |       |    53 |       ||    53
  Dodge: Dodged            |    94 |    45 |   119 |    29 ||   287
  Block: Other             |       |       |    50 |    25 ||    75
         Reflection        |       |       |     4 |       ||     4
